 Dungeon Crawl Stone Soup version 0.29.0-4-gdea44cf6ec (webtiles) character file.

Game seed: 421508647381561103

9 qw the Firebug (level 2, -7/23 HPs)
             Began as a Ghoul Fire Elementalist on Aug 29, 2022.
             Mangled by Sigmund
             ... wielding a +2 scythe of venom
              (10 damage)
             ... on level 2 of the Dungeon.
             The game lasted 00:00:33 (969 turns).

qw the Firebug (Ghoul Fire Elementalist)             Turns: 969, Time: 00:00:34

Health: -7/23      AC:  3    Str: 11    XL:     2   Next: 12%
Magic:  3/3        EV: 11    Int: 10    God:
Gold:   76         SH:  0    Dex:  9    Spells: 3/4 levels left

rFire   . . .      SeeInvis .     - Unarmed
rCold   + . .      Faith    .   (no shield)
rNeg    + + +      Spirit   .   c - +0 leather armour
rPois   inf        Reflect  .   (no helmet)
rElec   .          Harm     .   (no cloak)
rCorr   .          Rampage  .   (no gloves)
Will    .....                   (no boots)
Stlth   +.........              (no amulet)
HPRegen 0.00/turn               (no ring)
MPRegen 0.08/turn               (no ring)

@: inhibited regen
A: claws 1, cold resistance 1, negative energy resistance 3, inhibited
regeneration, torment resistance 2, devour on kill
a: no special abilities


You were on level 2 of the Dungeon.
You visited 1 branch of the dungeon, and saw 2 of its levels.

You collected 76 gold pieces.


Innate Abilities, Weirdness & Mutations

You are immune to poison.
You have sharp fingernails.
Your flesh is cold resistant. (rC+)
You are immune to negative energy. (rN+++)
You do not regenerate when monsters are visible.
You are immune to unholy pain and torment.
You thrive by killing the living.


   Skills:
 - Level 1.0 Fighting
 - Level 1.7 Dodging
 - Level 2.1 Stealth
 + Level 1.4 Unarmed Combat
 - Level 1.7 Spellcasting
 - Level 0.7 Conjurations
 - Level 2.4 Fire Magic


You had 3 spell levels left.
You knew the following spells:

 Your Spells              Type           Power      Damage    Failure   Level
a - Foxfire               Conj/Fire      16%        2x1d4     22%         1

Your spell library contained the following spells:

 Spells                   Type           Power      Damage    Failure   Level
 Scorch                   Fire           10%        2d6       24%         2
 Conjure Flame            Conj/Fire      4%         6-21      54%         3
 Inner Flame              Hex/Fire       3%         N/A       61%         3
 Flame Wave               Conj/Fire      4%         2d5       91%         4

Inventory:

Armour
 c - a +0 leather armour (worn)

Dungeon Overview and Level Annotations

Branches:
Dungeon (2/15)

Altars:

Annotations:
D:2 Sigmund


Message History

Where to? (* - list waypoints, ? - help)
What level of the Dungeon? (default 1, ? - help)
There is a stone staircase leading down here.
You climb downwards.
Sigmund shouts!
There is a stone staircase leading up here.
There are monsters nearby!
Existing waypoints: (2) D:1 Assign waypoint to what number? (0-9, D - delete waypoint) Waypoint 1 assigned to D:2.
Enter note: The helpless ball python fails to defend itself.
You scratch the ball python.
You kill the ball python!
Your Fighting skill increases to level 1!
Sigmund closely misses you.
You scratch Sigmund.
Sigmund is lightly wounded.
Sigmund closely misses you.
You closely miss Sigmund.
Sigmund is lightly wounded.
Sigmund closely misses you.
You scratch Sigmund.
Sigmund is lightly wounded.
You barely miss Sigmund.
Sigmund is lightly wounded.
Sigmund hits you with a +2 scythe of venom!
You scratch Sigmund.
Sigmund is lightly wounded.
Sigmund barely misses you.
You scratch Sigmund.
Sigmund is moderately wounded.
You scratch Sigmund.
Sigmund is moderately wounded.
Sigmund hits you with a +2 scythe of venom!
You scratch Sigmund.
Sigmund is heavily wounded.
Sigmund hits you with a +2 scythe of venom!
You die...

.. ..#### #.
.....
#.####...#
#........#
#....%...#
#.......#
#.......#
#.<.....#
#..@.#..#
#...@......#
#........#.#
#........# #
#........#
#.####...#
#. ...# #.
...#


You could see Sigmund.

Vanquished Creatures
  A dart slug (D:1)
  A bat (D:1)
  An endoplasm (D:1)
  3 ball pythons
6 creatures vanquished.

Notes
Turn   | Place    | Note
-------+----------+-------------------------------------------
     0 | D:1      | qw the Ghoul Fire Elementalist began the quest for the Orb.
     0 | D:1      | Reached XP level 1. HP: 14/14 MP: 2/2
     0 | D:1      | 0 ||| qw: Version: 0.1-a-90-g952f4b7
     0 | D:1      | 0 ||| qw: Game counter: 3676
     0 | D:1      | 0 ||| qw: Always use a shield: true
     0 | D:1      | 0 ||| qw: God list: Okawaru
     0 | D:1      | 0 ||| qw: Allow faded altars: false
     0 | D:1      | 0 ||| qw: Do Orc after D:15 true
     0 | D:1      | 0 ||| qw: Do second Lair branch before Depths: true
     0 | D:1      | 0 ||| qw: Lair rune preference: random
     0 | D:1      | 0 ||| qw: Plans: Normal
     0 | D:1      | 0 ||| PLANNING D:1-11
   387 | D:1      | Reached skill level 1 in Unarmed Combat
   564 | D:1      | Reached XP level 2. HP: 20/22 MP: 3/3
   819 | D:1      | 819 ||| UPGRADING to +0 leather armour.
   829 | D:1      | 829 ||| DROPPING +0 robe.
   830 | D:1      | 830 ||| DROPPING ring of magical power.
   831 | D:1      | 831 ||| READING scroll labelled QUASASH ZEMELU.
   832 | D:1      | 832 ||| READING scroll labelled ASTYOSH EMIM.
   833 | D:1      | 833 ||| READING scroll labelled TUIGEGH CESI.
   837 | D:1      | 837 ||| READING scroll labelled AWIZ JEACIQAXEH.
   838 | D:1      | 838 ||| READING scroll labelled CIHUANY QEKUPT.
   839 | D:1      | 839 ||| DRINKING 2 coppery potions.
   940 | D:1      | 940 ||| DROPPING potion of magic.
   941 | D:1      | 941 ||| DROPPING potion of ambrosia.
   955 | D:2      | Noticed Sigmund
   959 | D:2      | Reached skill level 1 in Fighting
   968 | D:2      | HP: 3/23 [Sigmund/+2 scythe of venom (10)]
   969 | D:2      | Mangled by Sigmund

Levels and vault maps discovered:
D:1:      amcnicky_arrival_wind_blow, layout_basic
D:2:      layout_basic, chequers_serial_rivers_large_b,
          minmay_goblin_kobold_house, uniq_sigmund

Skill      XL: |  1  2 |
---------------+-------+-----
Unarmed Combat | 1 |  1.4
Fighting       | 1 |  1.0
Dodging        | |  1.7
Stealth        | |  2.1
Spellcasting   | |  1.7
Conjurations   | |  0.7
Fire Magic     | |  2.4

Action                   || total
-------------------------++-------
Melee: Unarmed           ||    32
  Use: Scroll            ||     5
       Potion            ||     1
 Stab: Sleeping          ||     2
Armor: Robe              ||     5
Dodge: Dodged            ||    14

Table legend:
 A = Non-vault XP
 B = Vault XP
 C = Vault XP percentage of total XP
 D = Non-vault monster count
 E = Vault monster count
 F = Vault count percentage of total count
                 A         B        C        D         E       F
            +---------+---------+-------+---------+---------+-------
      Total |      13 |       0 |   0.0 |       6 |       0 |   0.0
            +---------+---------+-------+---------+---------+-------
        D:1 |      11 |       0 |   0.0 |       5 |       0 |   0.0
        D:2 |       2 |       0 |   0.0 |       1 |       0 |   0.0
            +---------+---------+-------+---------+---------+-------
